 Dungeon Crawl Stone Soup version 0.29-a0-82-g837932c90e (webtiles) character file.

Game seed: 10326298950925209398

1320 belegose the Skirmisher (level 8, -8/73 HPs)
             Began as a Minotaur Cinder Acolyte on Feb 4, 2022.
             Was an Initiate of Hepliaklqana.
             Mangled by Harold (12 damage)
             ... on level 7 of the Dungeon.
             The game lasted 00:11:02 (5100 turns).

belegose the Skirmisher (Minotaur Cinder Acolyte)   Turns: 5100, Time: 00:11:03

Health: -8/73      AC:  7    Str: 20    XL:     8   Next: 33%
Magic:  8/8        EV: 14    Int: 11    God:    Hepliaklqana [......]
Gold:   297        SH:  0    Dex:  7    Spells: 9/9 levels left

rFire   . . .      SeeInvis .   b - +2 short sword (venom)
rCold   + . .      Faith    .   (no shield)
rNeg    . . .      Spirit   .   d - +0 ring mail
rPois   .          Reflect  .   (helmet restricted)
rElec   .          Harm     .   (no cloak)
rCorr   .          Rampage  .   g - +0 pair of gloves
Will    .....                   (no boots)
Stlth   ..........              (no amulet)
HPRegen 0.22/turn               n - +4 ring of evasion
MPRegen 0.11/turn               z - ring of protection from cold

@: brilliant, weak-willed, flying, fire susceptible
A: horns 2, retaliatory headbutt
a: Renounce Religion


You were on level 7 of the Dungeon.
You worshipped Hepliaklqana.
Hepliaklqana was noncommittal.
You visited 1 branch of the dungeon, and saw 7 of its levels.

You collected 297 gold pieces.

Inventory:

Hand Weapons
 a - a -1 falchion of flaming
 b - a +2 short sword of venom (weapon)
 w - a +6 flail of holy wrath
Missiles
 c - 116 stones
 e - 42 sling bullets
 m - 8 boomerangs
 o - a throwing net
 t - 19 poisoned darts (quivered)
 u - 4 javelins
 y - 2 curare-tipped darts
 B - 23 bolts
Armour
 d - a +0 ring mail (worn)
 g - a +0 pair of gloves (worn)
Magical Staves
 E - a staff of fire
Jewellery
 n - a +4 ring of evasion (left hand)
 z - a ring of protection from cold (right hand)
 C - a ring of resist corrosion
Scrolls
 f - a scroll of magic mapping {unknown}
 h - a scroll of enchant armour {unknown}
 i - a scroll of summoning {unknown}
 j - a scroll of vulnerability
 k - 4 scrolls of amnesia {unknown}
 l - 3 scrolls of identify {unknown}
 r - 2 scrolls of acquirement {unknown}
 s - a scroll of fog {unknown}
 x - 2 scrolls of teleportation {unknown}
 D - a scroll of enchant weapon {unknown}
 G - a scroll of immolation {unknown}
Potions
 p - a potion of brilliance
 q - 2 potions of flight
 v - a potion of curing {unknown}
 A - a potion of attraction {unknown}
 F - a potion of berserk rage {unknown}


   Skills:
 + Level 7.1 Fighting
 - Level 2.9(3.6) Short Blades
 - Level 3.6(4.2) Long Blades
 + Level 4.6 Maces & Flails
 + Level 4.9 Throwing
 + Level 5.8 Armour
 - Level 1.0 Spellcasting
 - Level 2.1 Fire Magic


You had 9 spell levels left.
You didn't know any spells.
Your spell library contained the following spells:

 Spells                   Type           Power      Damage    Failure   Level
 Scorch                   Fire           16%        2d5       32%         2
 Summon Small Mammal      Summ           0%         N/A       45%         1
 Sublimation of Blood     Necr           0%         N/A       61%         2
 Wereblood                Tmut           0%         N/A       61%         2
 Call Canine Familiar     Summ           0%         N/A       83%         3
 Summon Guardian Golem    Hex/Summ       0%         N/A       83%         3
 Summon Hydra             Summ           0%         N/A       100%        7


Dungeon Overview and Level Annotations

Branches:
Dungeon (7/15)
 Temple: D:4-7

Altars:
Dithmenos
Elyvilon
Hepliaklqana
Qazlal
Ru
Uskayaw
Yredelemnul

Shops:
D:6 (

Annotations:
D:7 Harold


Innate Abilities, Weirdness & Mutations

You have a pair of horns on your head.
You reflexively headbutt those who attack you in melee.


Message History

You struggle against the net.
The iguana bites you! Harold shouts, "Can you die now?
I had plans for the rest of the day!"
Unknown command.
You struggle against the net.
The centaur skeleton hits you but does no damage.
The centaur skeleton kicks you but does no damage.
Harold fires a harpoon shot at you. The harpoon shot hits you.
You are yanked forward by the harpoon shot.
The iguana bites you but does no damage.
Found a stone staircase leading up.
It was a potion of brilliance.
You feel clever all of a sudden. Harold hits you with a +0 dire flail!
The iguana bites you. The centaur skeleton misses you.
The centaur skeleton kicks you.
It was a potion of flight.
You feel very buoyant.
You fly up into the air.
Harold thinks, and says "Perhaps I'll take up fishing after I'm done here..."
Harold hits you with a +0 dire flail!
* * * LOW HITPOINT WARNING * * *
The iguana bites you but does no damage.
The centaur skeleton hits you but does no damage.
The centaur skeleton completely misses you.
You feel more buoyant. The centaur skeleton misses you.
The centaur skeleton kicks you.
* * * LOW HITPOINT WARNING * * *
Harold barely misses you. You furiously retaliate!
You headbutt Harold. The iguana bites you!
* * * LOW HITPOINT WARNING * * *
Unknown command.
Unknown command.
Okay, then.
As you read the scroll labelled MIULY ITOLAWN, it crumbles to dust.
Magic quickly surges around you.
It was a scroll of vulnerability.
The centaur skeleton hits you.
* * * LOW HITPOINT WARNING * * *
The centaur skeleton kicks you but does no damage.
Harold hits you with a +0 dire flail!
You die...

#### #..##
#####...####
#(.##....#.##
#<........>.#
#.......l...#
#......@@Z..#
##..##..##.##
###.......#
#.........#
###.........
.....#....
......##....
<.....##
..>.. #......
..


You could see Harold (weak-willed), an iguana (weak-willed) and a centaur
skeleton (weak-willed).

Vanquished Creatures
  Sigmund (D:5)
  Menkaure (D:4)
  Edmund (D:4)
  3 ogres
  A centaur (D:4)
  A kobold brigand (D:5)
  2 scorpions
  A wyvern skeleton (D:4)
  2 jellies
  A hound (D:5)
  2 iguanas
  An orc wizard (D:5)
  5 gnolls
  3 adders
  A shadow imp (D:3)
  An ufetubus (D:5)
  3 worms
  2 dart slugs
  11 orcs
  5 ball pythons
  3 endoplasms
  4 giant cockroaches
  6 goblins
  8 hobgoblins
  3 jackals (D:4)
  3 quokkas (D:2)
  6 bats
  3 frilled lizards
  14 kobolds
  2 rats (D:1)
100 creatures vanquished.

Notes
Turn   | Place    | Note
-------+----------+-------------------------------------------
     0 | D:1      | belegose the Minotaur Cinder Acolyte began the quest for
                  | the Orb.
     0 | D:1      | Reached XP level 1. HP: 19/19 MP: 1/1
   387 | D:1      | Reached XP level 2. HP: 27/27 MP: 2/2
   485 | D:1      | Reached skill level 1 in Armour
  1090 | D:2      | Reached skill level 4 in Fighting
  1090 | D:2      | Reached skill level 1 in Short Blades
  1090 | D:2      | Reached skill level 1 in Throwing
  1143 | D:2      | Reached XP level 3. HP: 26/33 MP: 3/3
  1397 | D:2      | Reached XP level 4. HP: 37/41 MP: 4/4
  1433 | D:2      | Found a faded altar of an unknown god.
  2716 | D:4      | Noticed Menkaure
  2865 | D:4      | Reached XP level 5. HP: 47/47 MP: 5/5
  2875 | D:4      | Found a basalt altar of Yredelemnul.
  2876 | D:4      | Noticed Edmund
  2907 | D:4      | Killed Edmund
  2908 | D:4      | Reached skill level 5 in Fighting
  3005 | D:4      | Noticed a centaur
  3009 | D:4      | Killed a centaur
  3010 | D:4      | Reached skill level 1 in Maces & Flails
  3010 | D:4      | Reached XP level 6. HP: 45/56 MP: 6/6
  3124 | D:4      | Killed Menkaure
  3214 | D:4      | Reached XP level 7. HP: 59/62 MP: 7/7
  3306 | D:4      | Reached skill level 6 in Fighting
  3809 | D:5      | Entered Level 5 of the Dungeon
  3809 | D:5      | Noticed Sigmund
  4220 | D:5      | Killed Sigmund
  4221 | D:5      | Reached skill level 5 in Armour
  4383 | D:5      | Reached XP level 8. HP: 58/71 MP: 8/8
  4493 | D:5      | Found a shadowy altar of Dithmenos.
  4498 | D:5      | Found a white marble altar of Elyvilon.
  4574 | D:5      | Found a sacrificial altar of Ru.
  4585 | D:5      | Found a hazy altar of Hepliaklqana.
  4594 | D:5      | Found a stormy altar of Qazlal.
  4646 | D:5      | Fell from the grace of Ignis
  4646 | D:5      | Became a worshipper of Hepliaklqana the Forgotten
  4744 | D:5      | Found a hide-covered altar of Uskayaw.
  4851 | D:5      | Reached skill level 7 in Fighting
  4999 | D:5      | You fall into a shaft and drop 2 floors!
  4999 | D:7      | Noticed Harold
  5006 | D:6      | Found Qethrynin's Weapon Shoppe.
  5064 | D:5      | You fall into a shaft and drop 1 floor!
  5100 | D:7      | Mangled by Harold

Illustrated notes

Levels and vault maps discovered:
D:1:      minmay_arrival_checkered_box, layout_loops_ring,
          minmay_misc_feat_columns
D:2:      layout_basic, shapermc_ecumenical_altar_starsandcircs
D:3:      layout_loops_ring
D:4:      layout_basic, mainiacjoe_overflow_brackets, uniq_menkaure, uniq_edmund
D:5:      layout_loops_ring, mainiacjoe_overflow_surrounded_room,
          gammafunk_temple_overflow_forgotten, grunt_temple_overflow_open,
          uniq_sigmund
D:6:      layout_rooms, temple_pool_b, portal_sewer_entry_d, serial_shops,
          nicolae_lakefront_shop, shop, minmay_manual_mail, uniq_blork_the_orc
D:7:      layout_cave_pools, trog_ov_bears_minmay, serial_shops,
          nicolae_shop_advertising_works [nicolae_subvault_shop_adworks],
          uniq_harold, uniq_duvessa

Skill      XL: |  1  2  3  4  5  6  7  8 |
---------------+-------------------------+-----
Armour         | 1 2 3 4 5 |  5.8
Fighting       | 4 5 6 7 |  7.1
Short Blades   | 1 2 |  2.9
Throwing       | 1 2 3 4 |  4.9
Maces & Flails | 1 2 4 |  4.6
Long Blades    | |  3.6
Spellcasting   | |  1.0
Fire Magic     | |  2.1

Action                   |  1- 3 |  4- 6 |  7- 9 || total
-------------------------+-------+-------+-------++-------
Melee: Short sword       |    56 |    70 |    75 ||   201
       Falchion          |     8 |     8 |       ||    16
       Headbutt          |     8 |    15 |    13 ||    36
       Punch             |       |     1 |     1 ||     2
       Flail             |       |    15 |    12 ||    27
Throw: Dart              |       |     8 |     7 ||    15
       Stone             |       |     2 |       ||     2
       Boomerang         |       |       |     3 ||     3
  Use: Potion            |       |       |     3 ||     3
       Scroll            |       |       |     1 ||     1
Armor: Ring mail         |    17 |    14 |    28 ||    59
Dodge: Dodged            |    41 |    61 |    52 ||   154

Table legend: (Time is in decaauts)
 A = Elapsed time spent in this place.
 B = Non-inter-level travel time spent in this place.
 C = Inter-level travel time spent in this place.
 D = Time resting spent in this place.
 E = Time spent auto-exploring this place.
 F = Levels seen in this place.
 G = Mean time per level.
                   A        B        C        D        E       F      G
               +--------+--------+--------+--------+--------+-----+--------+
         Total |   5108 |   4601 |    507 |    415 |   3087 |   7 |  729.7 |
       Dungeon |   5108 |   4601 |    507 |    415 |   3087 |   7 |  729.7 |
               +--------+--------+--------+--------+--------+-----+--------+

Top non-repeatable levels by time:
     D:4: 1271 daAuts
     D:1: 1141 daAuts
     D:5: 899 daAuts
     D:3: 861 daAuts
     D:2: 859 daAuts
     D:6: 59 daAuts
     D:7: 15 daAuts
